 Dungeon Crawl Stone Soup version 0.17.0-28-g6e173f8 (webtiles) character file.

198 radek the Digger (level 5, -1/28 HPs)
             Began as a Gargoyle Earth Elementalist on Dec 1, 2015.
             Slain by Edmund
             ... wielding a +6 flail of protection
              (13 damage)
             ... on level 4 of the Dungeon.
             The game lasted 00:23:04 (5661 turns).

radek the Digger (Gargoyle Earth Elementalist)      Turns: 5661, Time: 00:23:04

Health: -1/28      AC:  4    Str: 12    XL:     5   Next: 77%
Magic:  0/9        EV: 12    Int: 16    God:
Gold:   124        SH:  0    Dex: 10    Spells: 3 memorised, 1 level left

rFire  . . .     SeeInvis .     P - +0 mace (curse)
rCold  . . .     Clarity  .     (no armour)
rNeg   + . .     SustAt   .     (no shield)
rPois  ∞         Gourm    .     (no helmet)
rElec  +         Spirit   .     (no cloak)
rCorr  .         Warding  .     (no gloves)
rMut   .         Stasis   .     (no boots)
MR     .....                    (no amulet)
Stlth  ++........               (no ring)
                                (no ring)

@: not resistant to hostile enchantments, unstealthy
A: negative energy resistance 1, electricity resistance, unbreathing,
petrification resistance, rot immunity, AC +4
a: no special abilities


You were on level 4 of the Dungeon.
You were not hungry.

You visited 1 branch of the dungeon, and saw 5 of its levels.

You collected 124 gold pieces.

Inventory:

Hand Weapons
 h - a +0 club
 l - a +0 whip
 o - a +0 dagger
 p - a +0 club
 q - a +1 dagger of pain
 u - a +0 club
 y - a +0 mace
 J - a +0 mace
 L - a +0 club
 P - a cursed +0 mace (weapon)
Missiles
 b - 74 stones (quivered)
Armour
 a - a +0 robe
 i - a +0 leather armour
 k - a +0 leather armour
 A - a +0 leather armour
 C - a +0 robe
 H - a +0 leather armour
 M - a -1 robe
 Q - a +0 ring mail
Jewellery
 F - an uncursed ring of loudness
 K - an uncursed ring of flight {unknown}
Scrolls
 e - a scroll of immolation
 j - a scroll of random uselessness
 r - a scroll of fear {unknown}
 s - a scroll of teleportation
 t - 5 scrolls of identify
 x - a scroll of blinking {unknown}
 B - a scroll of amnesia {unknown}
 E - a scroll of enchant weapon {unknown}
 G - a scroll of magic mapping {unknown}
Potions
 f - a potion of mutation {unknown}
 g - 3 potions of curing
 n - a potion of brilliance {unknown}
 D - 2 potions of degeneration {unknown}
 N - a potion of flight {unknown}
 O - 2 potions of heal wounds {unknown}
Books
 c - a book of Geomancy

   Spells                             Type                      Level
   a - Sandblast                      Earth                        1
   b - Stoneskin                      Transmutation/Earth          2
   c - Passwall                       Transmutation/Earth          3
   d - Stone Arrow                    Conjuration/Earth            3
   e - Petrify                        Transmutation/Earth          4
   f - Lee's Rapid Deconstruction     Earth                        5
Comestibles
 d - 4 bread rations
 v - 3 meat rations
 w - 4 fruits
 z - a royal jelly
 I - a beef jerky


   Skills:
 - Level 1.5 Dodging
 - Level 2.1 Stealth
 + Level 3.2 Spellcasting
 * Level 3.1 Conjurations
   Level 0.7 Transmutations
 + Level 5.4 Earth Magic


You had one spell level left.
You knew the following spells:

 Your Spells              Type           Power        Failure   Level  Hunger
a - Sandblast             Erth           ###...       1%          1    None
b - Stone Arrow           Conj/Erth      ###...       12%         3    ###....
c - Lee's Rapid Deconstr  Erth           ###.......   63%         5    ######.


Dungeon Overview and Level Annotations

Branches:
Dungeon (5/15)
 Temple: D:4-7

Altars:
Ashenzari
Ru

Shops:
D:4 =

Annotations:
D:2 Jessica
D:4 Blork the orc, Dowan, Duvessa, Edmund


Innate Abilities, Weirdness & Mutations

You are resistant to torment.
Your stone body is resilient (AC +4).
You are immune to poison.
You resist negative energy.
You are resistant to electric shocks.
You can survive without breathing.
You are immune to petrification.
You are immune to rotting.


Message History

You closely miss the orc.
The orc is moderately wounded.
The orc hits you but does no damage.
Casting: Sandblast
Confirm with . or Enter, or press ? or * to list all spells.
Aiming: Sandblast
Press: ? - help, Shift-Dir - straight line, f - orc
Aim: an orc, wielding a war axe (moderately wounded)
The blast of sand hits the orc.
You kill the orc!
Edmund hits you with a flail of protection.
Casting: Sandblast
Confirm with . or Enter, or press ? or * to list all spells.
Aiming: Stone Arrow
Press: ? - help, Shift-Dir - straight line, f - Edmund
Aim: Edmund, wielding a flail of protection and wearing a ring mail (berserk, fast, unusually strong)
The stone arrow hits Edmund.
Edmund is lightly wounded.
Edmund hits you with a flail of protection!
You die...

#### ...
#.######
#.o....#######
#.##..........
... #.#@######
.oo.$...#@#
...
#.#########.#
..## #
#.##########
@.....
#..........#
... #..#
###########.#
).. ...#
#...........#
..###..#
#.########..#
.......# #.#
#>.# #.# #.#
#.# #..#


You could see Edmund (berserk).

Vanquished Creatures
  Natasha (thrice) (D:3)
  7 adders
  An ooze (D:2)
  3 worms
  3 giant geckos
  7 orcs
  A ball python (D:1)
  11 bats
  8 hobgoblins
  5 kobolds
  2 quokkas (D:3)
  5 giant cockroaches
  11 giant newts
  8 goblins
  10 rats
85 creatures vanquished.

Notes
Turn   | Place    | Note
--------------------------------------------------------------
     0 | D:1      | radek the Gargoyle Earth Elementalist began the quest for the Orb.
     0 | D:1      | Reached XP level 1. HP: 10/10 MP: 3/3
   236 | D:1      | Reached XP level 2. HP: 6/15 MP: 3/5
   239 | D:1      | Reached skill level 4 in Earth Magic
  1006 | D:1      | Reached XP level 3. HP: 11/19 MP: 4/6
  1139 | D:1      | Learned a level 3 spell: Stone Arrow
  2052 | D:2      | Reached skill level 1 in Conjurations
  2323 | D:2      | Reached XP level 4. HP: 20/24 MP: 8/8
  2891 | D:2      | Found a shattered altar of Ashenzari.
  3050 | D:2      | Noticed Jessica
  3572 | D:3      | Noticed Natasha
  3766 | D:4      | Noticed Duvessa
  3767 | D:4      | Noticed Dowan
  3811 | D:3      | Killed Natasha
  3811 | D:3      | Reached skill level 5 in Earth Magic
  3811 | D:3      | Reached XP level 5. HP: 12/28 MP: 2/9
  3842 | D:3      | Noticed Natasha
  3852 | D:3      | Killed Natasha
  4014 | D:3      | Learned a level 5 spell: Lee's Rapid Deconstruction
  4058 | D:3      | Found a sacrificial altar of Ru.
  4248 | D:3      | Noticed Natasha
  4340 | D:3      | Killed Natasha
  5361 | D:4      | Found Pepnistrant's Jewellery Shoppe.
  5363 | D:5      | Entered Level 5 of the Dungeon
  5467 | D:4      | Noticed Blork the orc
  5564 | D:4      | Noticed Edmund
  5615 | D:5      | Noticed an ice beast
  5661 | D:4      | Slain by Edmund

Action                   |  1- 3 |  4- 6 || total
-------------------------+-------+-------++-------
Melee: Club              |   139 |    84 ||   223
       Unarmed           |     6 |       ||     6
       Dagger            |     1 |       ||     1
       Mace              |       |    86 ||    86
 Cast: Sandblast         |    30 |    54 ||    84
       Stone Arrow       |       |     5 ||     5
  Use: Scroll            |       |     6 ||     6
       Potion            |       |     1 ||     1
 Stab: Sleeping          |     2 |       ||     2
  Eat: Chunk             |     5 |    11 ||    16
